cohdb
Replays
Latest Replays
All Replays
Popular Replays
Top Player Replays
Match Explorer
How It Works
Community
CoH3 Stats
Reddit
Sign in to upload your games and track your stats! →
Sign in with Steam
Match 42850027
Unlisted
Match 42850027
Overview
Messages
Build Orders
End
Royal Engineer Section
Construct Section Command Post
Infantry Section
Infantry Section
ML 3-inch Mortar Team
ML 3-inch Mortar Team
Construct Field Infirmary
Construct Platoon Command Post
Grenade Package
Treat
DeadPhoenix
0
0
Comments
sign in to comment!
No comments posted yet!